 Dungeon Crawl Stone Soup version 0.29.1-1-gd02db6906a (webtiles) character file.

Game seed: 1685541557497683530

3 Colgate the Chiller (level 1, -1/13 HPs)
             Began as a Barachi Ice Elementalist on Oct 14, 2022.
             Killed from afar by a dart slug (3 damage)
             ... with a slug dart
             ... on level 1 of the Dungeon.
             The game lasted 00:01:35 (243 turns).

Colgate the Chiller (Barachi Ice Elementalist)       Turns: 243, Time: 00:01:36

Health: -1/13      AC:  2    Str:  9    XL:     1   Next: 50%
Magic:  1/3        EV: 12    Int: 15    God:
Gold:   0          SH:  0    Dex: 12    Spells: 3/4 levels left

rFire   . . .      SeeInvis .   (no weapon)
rCold   . . .      Faith    .   (no shield)
rNeg    . . .      Spirit   .   a - +0 robe
rPois   .          Reflect  .   (no helmet)
rElec   .          Harm     .   (no cloak)
rCorr   .          Rampage  .   (no gloves)
Will    .....                   (no boots)
Stlth   ++........              (no amulet)
HPRegen 0.04/turn               (no ring)
MPRegen 0.08/turn               (no ring)

@: slow
A: amphibious, slowness 1, strong legs 1, +LOS
a: Hop


You were on level 1 of the Dungeon.
You visited 1 branch of the dungeon, and saw 1 of its levels.

Inventory:

Armour
 a - a +0 robe (worn)
Jewellery
 c - a ring of protection from cold
Scrolls
 d - a scroll of identify {unknown}
Potions
 b - a potion of magic


   Skills:
 - Level 2.1 Dodging
 - Level 1.7 Stealth
 - Level 2.1 Spellcasting
 + Level 5.0 Ice Magic


You had 3 spell levels left.
You knew the following spells:

 Your Spells              Type           Power      Damage    Failure   Level
a - Freeze                Ice            64%        1d8       2%          1

Your spell library contained the following spells:

 Spells                   Type           Power      Damage    Failure   Level
 Frozen Ramparts          Ice            32%        1d5       9%          3
 Ozocubu's Armour         Ice            16%        N/A       9%          3
 Hailstorm                Conj/Ice       9%         3d4       58%         4


Dungeon Overview and Level Annotations

Branches:
Dungeon (1/15)

Altars:


Innate Abilities, Weirdness & Mutations

You are amphibious.
You cover ground slowly.
You can hop short distances.
You have an extended range of vision and can be seen from far away.


Message History

Magic restored.
HP restored.
A dart slug comes into view.
Found 10 gold pieces.
A dart slug is nearby!
A dart slug is nearby!
A dart slug comes into view.
There are monsters nearby!
A hobgoblin comes into view.
The hobgoblin shouts!
The dart slug launches a dart at you. The slug dart hits you.
There are monsters nearby!
The dart slug launches a dart at you. The slug dart misses you.
There are monsters nearby!
The dart slug launches a dart at you. The slug dart hits you.
The dart slug launches a dart at you. The slug dart misses you.
There are monsters nearby!
You are too injured to fight recklessly!
There are monsters nearby!
The dart slug launches a dart at you. The slug dart misses you.
The dart slug bites you.
* * * LOW HITPOINT WARNING * * *
The hobgoblin barely misses you.
Casting: Freeze (safe; 2% risk of failure)
Aiming: Freeze (safe; 2% risk of failure)
Aim: a dart slug You freeze the dart slug!
The hobgoblin closely misses you. The dart slug closely misses you.
Casting: Freeze (safe; 2% risk of failure)
Aiming: Freeze (safe; 2% risk of failure)
Aim: a dart slug (severely wounded)
You freeze the dart slug. The hobgoblin completely misses you.
The dart slug launches a dart at you. The slug dart hits you.
You die...

...####.........# ...#
...+............#####...#
...+.##.................#
###############.........##
...'......#...............
...#......#.###.........#
...+......# #....$.####
.######...# #..g...#
.#<'..#...# #.@w...#
'###..#...# #.w....#
..##''#'#+# #......#
..'...#...# ########
..#...#...# ..#...#...#
#######...# ..'.......#
..#.......#


You could see 2 dart slugs and a hobgoblin.

Vanquished Creatures
  An endoplasm (D:1)
  A hobgoblin (D:1)
  A ball python (D:1)
3 creatures vanquished.

Notes
Turn   | Place    | Note
-------+----------+-------------------------------------------
     0 | D:1      | Colgate the Barachi Ice Elementalist began the quest for
                  | the Orb.
     0 | D:1      | Reached XP level 1. HP: 13/13 MP: 3/3
    91 | D:1      | Reached skill level 5 in Ice Magic
   243 | D:1      | Killed from afar by a dart slug

Illustrated notes

Levels and vault maps discovered:
D:1:      minmay_arrival_widening_spiral_wide, layout_basic,
          hellmonk_ecumenical_altar_lost_god

Skill      XL: |  1 |
---------------+----+-----
Ice Magic      | 5 |  5.0
Dodging        | |  2.1
Stealth        | |  1.7
Spellcasting   | |  2.1

Action                   || total
-------------------------++-------
Melee: Unarmed           ||     3
 Cast: Freeze            ||     6
 Abil: Hop               ||     1
Dodge: Dodged            ||    10
